 Dungeon Crawl Stone Soup version 0.14-a0-987-gc8002fa (webtiles) character file.

111 4tharraofdagon the Charlatan (level 3, -3/18 HPs)
             Began as a Spriggan Artificer on Nov 21, 2013.
             Was an Initiate of Zin.
             Killed by divine providence
             ... invoked by an orc priest
              (12 damage)
             ... on Level 4 of the Dungeon.
             The game lasted 00:04:47 (761 turns).

4tharraofdagon the Charlatan (Spriggan Artificer)    Turns: 761, Time: 00:04:47

HP  -3/18        AC  2     Str  7      XL: 3   Next: 66%
MP   8/8         EV 18     Int  8      God: Zin [......]
Gold 57          SH  0     Dex 17      Spells:  0 memorised,  2 levels left

Res.Fire  : . . .   See Invis. : +   m - +3,+2 dagger (elec)
Res.Cold  : . . .   Warding    : .   e - +0 robe
Life Prot.: . . .   Conserve   : .   (shield restricted)
Res.Poison: .       Res.Corr.  : .   (helmet restricted)
Res.Elec. : .       Clarity    : .   (no cloak)
Sust.Abil.: . .     Spirit.Shd : .   (gloves unavailable)
Res.Mut.  : .       Stasis     : .   (boots unavailable)
Res.Rott. : .       Flight     : .   (no amulet)
Saprovore : . . .                    p - cursed -5 ring of intelligence
                                     j - cursed ring of hunger

@: very quick, slightly resistant to hostile enchantments, stealthy
A: unfitting armour, see invisible, herbivore 3, speed 3, slow metabolism 2
a: Renounce Religion


You were on level 4 of the Dungeon.
You worshipped Zin.
Zin was noncommittal.
You were not hungry.

You visited 2 branches of the dungeon, and saw 5 of its levels.

You collected 63 gold pieces.
You donated 6 gold pieces.

Inventory:

Hand weapons
 a - a +0,+0 short sword
 i - a +0,+3 dwarven dagger
 m - a +3,+2 dagger of electrocution (weapon)
Armour
 e - a +0 robe (worn)
Magical devices
 b - a wand of flame (7)
 c - a wand of enslavement (15)
 d - a wand of random effects (15)
Comestibles
 k - 3 chokos
 n - 3 slices of pizza
 r - a snozzcumber
Scrolls
 g - a scroll of amnesia
 h - 2 scrolls of identify
 q - a scroll of fear
Jewellery
 j - a cursed ring of hunger (left hand)
 p - a cursed -5 ring of intelligence (right hand)
Potions
 f - a potion of porridge
 o - a potion of resistance


   Skills:
 - Level 1.2 Fighting
 * Level 3.1 Short Blades
 - Level 3.3 Dodging
 + Level 2.7 Stealth
 - Level 4.0 Evocations


You had 2 spell levels left.
You didn't know any spells.

Dungeon Overview and Level Annotations

Branches:
Dungeon (4/16)             Temple (1/1) D:4

Altars:
Elyvilon
Fedhas
Makhleb
Nemelex Xobeh
Yredelemnul
Zin


Innate Abilities, Weirdness & Mutations

You are tiny and cannot use many weapons and most armour.
You have supernaturally acute eyesight.
You are a herbivore.
You cover ground extremely quickly.
You need consume almost no food.


Message History

You kill the kobold!
You see here a runed dagger.
An orc and an orc wizard come into view.
The orc wizard shouts!
An orc priest comes into view. It is wielding an orcish flail.
The orc priest shouts!
You pay a tithe of 1 gold.
You now have 57 gold pieces (gained 12).
There are no items here.
The orc wizard gestures at you while chanting.
The puff of frost hits you!
Drink which item? (? for menu, Esc to quit)
Okay, then.
You see here a worm corpse.
The orc wizard casts a spell.
The orc wizard seems to speed up.
The orc priest mumbles some strange prayers to Beogh against you.
Something smites you!
Ouch! That really hurt!
You die...

#.. #.. .# #.# #.##
#.########.....
#####...............
#...................
##..###...............
###...###.o....%.........
..o..o..oo......@........
#####.###................
#.........######
#..)..<...#
#.#######.#####
##..###.#####.......#
.....................#
....###.#####.......# ..
.... #.......#


You could see an orc priest, an orc wizard and an orc.

Vanquished Creatures
  Ijyb (D:2)
  A worm (D:4)
  3 orcs (D:3)
  2 bats
  2 goblins (D:3)
  6 hobgoblins
  4 jackals (D:2)
  A kobold (D:4)
  2 giant cockroaches
  2 giant newts (D:3)
  2 rats
26 creatures vanquished.

Notes
Turn   | Place    | Note
--------------------------------------------------------------
     0 | D:1      | 4tharraofdagon, the Spriggan Artificer, began the quest for the Orb.
     0 | D:1      | Reached XP level 1. HP: 11/11 MP: 2/2
    80 | D:2      | Reached skill level 1 in Fighting
   146 | D:2      | Noticed Ijyb
   173 | D:2      | Killed Ijyb
   173 | D:2      | Reached XP level 2. HP: 12/15 MP: 5/5
   231 | D:2      | Reached XP level 3. HP: 12/18 MP: 8/8
   460 | D:4      | Found a staircase to the Ecumenical Temple.
   466 | Temple   | Entered the Ecumenical Temple
   478 | Temple   | Became a worshipper of Zin the Law-Giver
   761 | D:4      | Killed from afar by an orc priest

Action                   || total
-------------------------++-------
Melee: Short sword       ||    23
       Dagger            ||    67
Evoke: Wand              ||     8
  Use: Scroll            ||     3
 Stab: Sleeping          ||     1
